 Dungeon Crawl Stone Soup version 0.31-a0-210-gccc998df9b (webtiles) character file.

Game seed: 10682564241562491663

88762 qw the Peltast (level 15, -11/96 HPs)
             Began as a Gargoyle Fighter on June 30, 2023.
             Was a High Priest of Okawaru.
             Mangled by an orc warrior
             ... wielding a +0 morningstar
              (12 damage)
             ... on level 2 of the Orcish Mines.
             The game lasted 00:13:12 (22000 turns).

qw the Peltast (Gargoyle Fighter)                  Turns: 22000, Time: 00:13:12

Health: -11/96     AC: 44    Str: 33    XL:     15   Next: 95%
Magic:  17/22      EV: 12    Int:  5    God:    Okawaru [*****.]
Gold:   849        SH: 30    Dex:  9    Spells: 14/14 levels left

rFire   + . .        Y - +3 broad axe (drain)
rCold   . . .        v - +10 tower shield of Ignorance {rN+ Int-4}
rNeg    + + .        F - +5 chain mail of Pufeg {Slay+3}
rPois   inf          x - +2 helmet
rElec   +            k - scarf {repulsion}
rCorr   .            c - +2 pair of gloves of Optimism {rF+}
SInv    .            z - +2 pair of boots
Will    +....        G - amulet of Balance {Acrobat rPois} Stlth
                     b - +6 ring of strength
HPRegen 0.36/turn    g - +4 ring of protection
MPRegen 0.18/turn

%: repel missiles, acrobat
@: about to teleport, heroic, finesse-ful, flying
A: sickness immunity, AC +11, big wings, negative energy resistance 1,
electricity resistance, torment resistance 1, petrification resistance
a: Renounce Religion, Heroism, Finesse, Duel


You were on level 2 of the Orcish Mines.
You worshipped Okawaru.
Okawaru was extremely pleased with you.
You visited 4 branches of the dungeon, and saw 23 of its levels.
You also visited: Ossuary.

You collected 1669 gold pieces.
You spent 820 gold pieces at shops.


Innate Abilities, Weirdness & Mutations

You are immune to sickness and miasma.
Your stone body is resilient. (AC +11)
You are immune to poison.
Your large and strong wings let you fly.
You resist negative energy. (rN+)
You are resistant to electric shocks. (rElec)
You are resistant to unholy torment.
You are immune to petrification.


   Skills:
 - Level 12.0(17.0) Fighting
 + Level 15.6(20.6) Axes
 - Level 4.2(9.2) Throwing
 - Level 9.0(14.0) Armour
 - Level 4.0(9.0) Dodging
 - Level 16.4(21.4) Shields
 - Level 10.0 Invocations


You had 14 spell levels left.
You didn't know any spells.
Your spell library was empty.

Inventory:

Hand Weapons
 w - a -1 demon whip of venom
 A - a +0 morningstar
 E - a +0 war axe
 Y - a +3 broad axe of draining (weapon)
Missiles
 H - 3 boomerangs (quivered)
Armour
 a - +0 acid dragon scales
 c - the +2 pair of gloves of Optimism (worn) {rF+}
   (You bought it in a shop on level 10 of the Dungeon)

   rF:        It protects you from fire.
 k - a scarf of repulsion (worn)
 u - a +0 cloak
 v - the +10 tower shield of Ignorance (worn) {rN+ Int-4}
   (You found it on level 5 of the Dungeon)

   Int:       It affects your intelligence (-4).
   rN:        It protects you from negative energy.
 x - a +2 helmet (worn)
 z - a +2 pair of boots (worn)
 B - +2 fire dragon scales
 D - the +3 chain mail of the Kissing Gods {rF- rC+ Str+3 Int+4 Dex+3}
   (You bought it in a shop on level 10 of the Dungeon)

   Str:       It affects your strength (+3).
   Int:       It affects your intelligence (+4).
   Dex:       It affects your dexterity (+3).
   rF:        It makes you vulnerable to fire.
   rC:        It protects you from cold.
 F - the +5 chain mail of Pufeg (worn) {Slay+3}
   (You found it on level 14 of the Dungeon)

   Slay:      It affects your accuracy & damage with ranged weapons and melee
   (+3).
Jewellery
 b - a +6 ring of strength (left hand)
 g - a +4 ring of protection (right hand)
 h - an amulet of guardian spirit
 y - a ring of fire
 C - a ring of resist corrosion
 G - the amulet of Balance (around neck) {Acrobat rPois}
   (You acquired it on level 12 of the Dungeon)

   [amulet of the acrobat]

   It increases your evasion while moving and waiting.
   rPois:     It protects you from poison.
 I - a ring of protection from fire
 K - a ring of ice
 L - the ring of the Ornamental God {Wiz rC+}
   (You took it off a centaur on level 14 of the Dungeon)

   [ring of wizardry]

   It improves your spell success rate.
   rC:        It protects you from cold.
Wands
 t - a wand of digging (7)
Scrolls
 i - 19 scrolls of identify
 m - 5 scrolls of teleportation
Potions
 d - 5 potions of might
 e - 8 potions of curing
 f - 4 potions of cancellation
 j - 3 potions of haste
 n - 5 potions of mutation
 o - 5 potions of enlightenment
 p - 6 potions of attraction
 q - 5 potions of resistance
 r - 2 potions of heal wounds
 s - 7 potions of lignification

Dungeon Overview and Level Annotations

Branches:
Dungeon (15/15)            Temple (1/1) D:4            Lair (5/5) D:8
 Shoals (0/4) Lair:2       Spider (0/4) Lair:2        Slime (0/5) Lair:5
    Orc (2/2) D:10         Vaults (0/5) D:14         Depths (0/4) D:15
Ossuary (visited)
    Elf: Orc:2

Altars:
Ashenzari
Cheibriados
Dithmenos
Elyvilon
Fedhas
Gozag
Hepliaklqana
Kikubaaqudgha
Makhleb
Nemelex Xobeh
Okawaru
Qazlal
Ru
Sif Muna
Trog
Uskayaw
Vehumet
Wu Jian
Xom
Yredelemnul
Zin
The Shining One
Jiyva

Shops:
D:10 [   D:12 ?   Orc:2 [

Portals:
Trove: D:10 (give +4 demon blade)

Annotations:
D:2 1 runed translucent door, Crazy Yiuf
D:4 2 runed translucent doors, qw's ghost, amateur GrHs
D:5 4 runed translucent doors
D:10 3 runed translucent doors, GreydMiyu's ghost, journeyman HuFE


Message History

The orc knight hits the fungus with a +2 great sword!!!
The fungus begins to die.
The orc warlord roars a battlecry!
The orc warrior unwields a +1 war axe of freezing.
The orc warrior wields a +0 heavy orcbow.
The orc warrior shoots an arrow.
You block the arrow. You block the orc knight's attack.
You hear a shout! x2
You slice the orc knight!!
The orc knight is almost dead.
You slash the orc!
You kill the orc!
You slash the orc warrior! You drain the orc warrior.
You hit the orc warrior but do no damage.
You drain the orc warrior. You closely miss the warg.
You block the warg's attack.
You hit the orc knight. You drain the orc knight.
You kill the orc knight!
Okawaru accepts your kill.
You completely miss the orc warrior. You slash the orc warrior!
You drain the orc warrior. You slice the warg!!
You kill the warg!
Okawaru accepts your kill.
The orc priest mumbles some strange prayers to Beogh against you.
Beogh smites you! You block the orc warrior's attack. x2
The orc warrior misses you.
An ogre comes into view. It is wielding a +0 giant spiked club.
You hear a shout! x2
22000 ||| READING 6 scrolls of teleportation.
As you read the scroll of teleportation, it crumbles to dust.
You feel strangely unstable.
The orc wizard no longer looks unusually strong.
The orc priest calls down the wrath of Beogh upon you.
Beogh smites you! You block the orc warrior's attack.
The orc knight roars a battlecry!
The orc wizard goes into a battle-frenzy!
An orc warrior comes into view. It is wielding a +0 battleaxe.
You block the orc warrior's attack.
The orc warrior hits you with a +0 morningstar!
You die...

.............o
.#. .........P...
#...#............
#...#.#...P......
..........o.o..\.
#.........ooh....
...#...))oo.P..P.
......)..@oo.....
........)ooo....P
.......<...$.P.PP
............o....
.................
...........#..oo.
...............o.
.#..............O
#.............


You could see an orc warlord (strong), 2 orc knights, a warg, 7 orc warriors, an
ogre, 2 orc priests, 2 orc wizards and 2 orcs.

Vanquished Creatures
  A vampire knight (D:13)
  An ettin (D:15)
  2 fire dragons
  Josephine (D:14)
  5 hydras
  A death knight (D:13)
  4 boulder beetles
  Erica (D:10)
  3 centaur warriors
  4 two-headed ogres
  3 catoblepae
  A deep troll shaman (Lair:5)
  2 tengu warriors (D:15)
  Urug (Lair:2)
  5 death yaks (Lair:5)
  A skyshark (Lair:4)
  2 skeletal warriors (D:13)
  Amaemon (Lair:2)
  A deep troll (D:15)
  A spectral wolf spider (D:13)
  3 necromancers
  A wizard (D:14)
  3 lindwurms
  Pikel (D:4)
  2 orc knights (Orc:2)
  A deep elf pyromancer (D:12)
  3 spectral ice dragons (D:13)
  10 ugly things
  A wolf spider (Lair:2)
  A spectral centaur (D:13)
  5 cyclopes
  4 manticores
  9 elephants
  Joseph (D:10)
  An orange demon (Lair:2)
  8 black mambas
  Maurice (D:10)
  4 cane toads
  A torpor snail (Lair:3)
  An unseen horror (D:10)
  2 kobold demonologists (D:10)
  3 centaur skeletons (D:13)
  5 rime drakes
  A tengu conjurer (D:15)
  5 yaktaurs (D:15)
  An efreet (D:15)
  12 freezing wraiths
  8 trolls
  7 komodo dragons
  2 wolf spider simulacra (D:13)
  3 meliai (D:15)
  5 polar bears
  13 blink frogs
  9 dream sheep
  A jumping spider (Lair:2)
  3 flying skulls (D:13)
  10 slime creatures
  4 centaur simulacra
  5 wraiths
  6 vampires
  4 wyverns
  4 basilisks
  A steam dragon (D:10)
  53 yaks
  7 vampire mosquitoes
  A redback simulacrum (D:13)
  A warg (Orc:2)
  2 acid dragons
  22 water moccasins
  6 hell hounds (D:13)
  An ice dragon simulacrum (D:13)
  2 ice beasts (D:5)
  10 orc warriors
  A swamp drake (D:10)
  2 black bears (Lair:5)
  6 ogres
  19 wolves
  7 centaurs
  6 kobold brigands
  A phantom (D:3)
  7 bullfrogs
  5 elf zombies (Ossuary)
  3 gnoll sergeants
  A scorpion (D:4)
  A deep troll simulacrum (D:13)
  9 wights
  15 killer bees
  6 centaur zombies (Ossuary)
  A howler monkey (D:6)
  3 jellies
  A human zombie (Ossuary)
  2 gnoll boudas
  3 hounds
  6 orc priests
  3 sleepcaps
  Natasha (twice) (D:2)
  6 iguanas
  12 orc wizards
  3 mummies (Ossuary)
  Robin (D:4)
  18 gnolls
  8 adders
  A shadow imp (D:8)
  13 white imps
  A worm (D:2)
  4 dart slugs
  40 orcs
  6 ball pythons
  5 bats
  9 endoplasms
  7 giant cockroaches
  13 goblins
  8 hobgoblins
  2 jackals (D:2)
  26 kobolds
  5 quokkas
  4 frilled lizards
  2 goblin zombies (D:7)
  6 rats
631 creatures vanquished.

Vanquished Creatures (others)
  A kobold (D:10)
1 creature vanquished.

Grand Total: 632 creatures vanquished

Notes
Turn   | Place    | Note
-------+----------+-------------------------------------------
     0 | D:1      | qw the Gargoyle Fighter began the quest for the Orb.
     0 | D:1      | Reached XP level 1. HP: 14/14 MP: 1/1
     0 | D:1      | 0 ||| qw: Version: 0.3-a-26-gee661ec
     0 | D:1      | 0 ||| qw: Game counter: 7153
     0 | D:1      | 0 ||| qw: Melee chars always use a shield: true
     0 | D:1      | 0 ||| qw: God list: Okawaru
     0 | D:1      | 0 ||| qw: Allow faded altars: false
     0 | D:1      | 0 ||| qw: Do Orc after clearing Dungeon:15 true
     0 | D:1      | 0 ||| qw: Do second Lair branch before Depths: true
     0 | D:1      | 0 ||| qw: Lair rune preference: random
     0 | D:1      | 0 ||| qw: Goals: Normal, Zot:1-4, Slime:5, God:TSO, Crypt,
                  | Tomb, Abyss, Pan, Hells, Win
     0 | D:1      | 0 ||| PLANNING D:1-11
   115 | D:1      | Reached XP level 2. HP: 19/19 MP: 2/2
   409 | D:1      | 409 ||| Stepping ~*~*~tactically~*~*~ (hiding).
   410 | D:1      | 410 ||| Stepping ~*~*~tactically~*~*~ (hiding).
   473 | D:1      | Reached skill level 3 in Axes
   562 | D:1      | Reached XP level 3. HP: 23/23 MP: 3/3
   632 | D:1      | 632 ||| UPGRADING to +0 kite shield.
   642 | D:1      | 642 ||| DROPPING +0 buckler.
   643 | D:1      | 643 ||| UPGRADING to +4 ring of protection.
   644 | D:1      | 644 ||| READING scroll labelled JOET HUSCHY.
   645 | D:1      | 645 ||| READING scroll labelled UGOOW KAMYJU.
   646 | D:1      | 646 ||| READING 4 scrolls labelled IXABODDILA.
   647 | D:1      | 647 ||| READING scroll labelled HOKHLIU CEPN.
   748 | D:1      | 748 ||| READING 3 scrolls of identify.
   748 | D:1      | 748 ||| IDENTIFYING bubbling red potion
   749 | D:1      | 749 ||| READING 2 scrolls of identify.
   749 | D:1      | 749 ||| IDENTIFYING smoky green potion
   937 | D:2      | 937 ||| Stepping ~*~*~tactically~*~*~ (stealth).
   961 | D:2      | Noticed Natasha
   962 | D:2      | 962 ||| Stepping ~*~*~tactically~*~*~ (hiding).
   967 | D:2      | Killed Natasha
   968 | D:2      | Reached skill level 4 in Shields
   968 | D:2      | Reached XP level 4. HP: 28/28 MP: 4/4
  1073 | D:2      | Noticed Natasha
  1083 | D:2      | Killed Natasha
  1159 | D:2      | Found a runed translucent door.
  1160 | D:2      | Noticed Crazy Yiuf
  1229 | D:2      | 1229 ||| UPGRADING to amulet of guardian spirit.
  1234 | D:2      | 1234 ||| UPGRADING to ring of willpower.
  1235 | D:2      | 1235 ||| READING scroll labelled XIWODO OGOTU.
  1236 | D:2      | 1236 ||| READING scroll labelled WATHRE PYSUNN.
  1237 | D:2      | 1237 ||| READING scroll labelled ZOSHRA VIOM.
  1265 | D:2      | 1265 ||| DRINKING 2 fizzy orange potions.
  1266 | D:2      | 1266 ||| READING 4 scrolls of identify.
  1266 | D:2      | 1266 ||| IDENTIFYING ruby potion
  1267 | D:2      | 1267 ||| READING 3 scrolls of identify.
  1267 | D:2      | 1267 ||| IDENTIFYING lumpy silvery potion
  1268 | D:2      | 1268 ||| READING 2 scrolls of identify.
  1268 | D:2      | 1268 ||| IDENTIFYING silvery potion
  1288 | D:3      | 1288 ||| STAIRDANCE
  1292 | D:2      | Reached XP level 5. HP: 29/32 MP: 3/5
  1308 | D:2      | 1308 ||| DROPPING +0 whip.
  1406 | D:3      | Found a bloodstained altar of Trog.
  1496 | D:3      | 1496 ||| Stepping ~*~*~tactically~*~*~ (stealth).
  1514 | D:3      | 1514 ||| Stepping ~*~*~tactically~*~*~ (stealth).
  1540 | D:3      | Noticed a phantom
  1558 | D:3      | Killed a phantom
  1559 | D:3      | Reached skill level 5 in Shields
  1650 | D:3      | Reached XP level 6. HP: 37/37 MP: 6/6
  2221 | D:4      | 2221 ||| Stepping ~*~*~tactically~*~*~ (stealth).
  2232 | D:4      | 2232 ||| Stepping ~*~*~tactically~*~*~ (stealth).
  2234 | D:4      | 2234 ||| Stepping ~*~*~tactically~*~*~ (stealth).
  2243 | D:4      | Noticed Robin
  2252 | D:4      | Killed Robin
  2326 | D:4      | 2326 ||| Stepping ~*~*~tactically~*~*~ (stealth).
  2327 | D:4      | 2327 ||| Stepping ~*~*~tactically~*~*~ (stealth).
  2797 | D:4      | 2797 ||| Stepping ~*~*~tactically~*~*~ (hiding).
  2875 | D:4      | 2875 ||| Stepping ~*~*~tactically~*~*~ (stealth).
  2884 | D:4      | 2884 ||| FLEEEEING.
  2887 | D:4      | 2887 ||| STAIRDANCE
  2902 | D:3      | 2902 ||| UPGRADING to +0 helmet.
  2907 | D:3      | 2907 ||| UPGRADING to +0 cloak.
  2912 | D:3      | 2912 ||| READING scroll labelled ATTUBI ORUN.
  2913 | D:3      | 2913 ||| DRINKING 2 metallic coppery potions.
  2965 | D:3      | 2965 ||| READING 2 scrolls of identify.
  2965 | D:3      | 2965 ||| IDENTIFYING black potion
  2966 | D:3      | 2966 ||| DROPPING potion of berserk rage.
  3185 | D:4      | 3185 ||| Stepping ~*~*~tactically~*~*~ (hiding).
  3188 | D:4      | 3188 ||| Stepping ~*~*~tactically~*~*~ (hiding).
  3189 | D:4      | 3189 ||| Stepping ~*~*~tactically~*~*~ (hiding).
  3276 | D:4      | 3276 ||| Stepping ~*~*~tactically~*~*~ (stealth).
  3392 | D:4      | Found a large runed translucent door.
  3393 | D:4      | Found a large runed translucent door.
  3394 | D:4      | Noticed qw's ghost (amateur GrHs)
  3442 | D:4      | Noticed Pikel
  3456 | D:4      | Killed Pikel
  3457 | D:4      | Reached skill level 6 in Fighting
  3457 | D:4      | Reached XP level 7. HP: 16/47 MP: 1/7
  3673 | D:4      | Found a staircase to the Ecumenical Temple.
  3674 | D:4      | 3674 ||| PLANNING TEMPLE
  3679 | Temple   | Entered the Ecumenical Temple
  3883 | Temple   | 3883 ||| PLANNING OKAWARU WORSHIP
  3947 | Temple   | Became a worshipper of Warmaster Okawaru
  3948 | Temple   | 3948 ||| PLANNING D:1-11
  3948 | Temple   | 3948 ||| REMOVING amulet of guardian spirit.
  4156 | D:5      | Entered Level 5 of the Dungeon
  4171 | D:5      | Reached skill level 1 in Dodging
  4180 | D:5      | Reached XP level 8. HP: 52/52 MP: 8/8
  4374 | D:5      | Reached skill level 6 in Axes
  4444 | D:5      | Found a large runed translucent door.
  4444 | D:5      | Found a large runed translucent door.
  4464 | D:5      | Found a large runed translucent door.
  4464 | D:5      | Found a large runed translucent door.
  4521 | D:5      | Reached * piety under Okawaru
  4601 | D:5      | Reached skill level 6 in Shields
  4610 | D:5      | 4610 ||| INVOKING Heroism.
  4698 | D:5      | 4698 ||| Stepping ~*~*~tactically~*~*~ (stealth).
  4699 | D:5      | 4699 ||| Stepping ~*~*~tactically~*~*~ (stealth).
  4803 | D:5      | Found the +10 tower shield of Ignorance {rN+ Int-4}
  4920 | D:5      | 4920 ||| INVOKING Heroism.
  4948 | D:5      | 4948 ||| Stepping ~*~*~tactically~*~*~ (hiding).
  4949 | D:5      | 4949 ||| Stepping ~*~*~tactically~*~*~ (hiding).
  4975 | D:5      | 4975 ||| Stepping ~*~*~tactically~*~*~ (hiding).
  4978 | D:5      | 4978 ||| Stepping ~*~*~tactically~*~*~ (stealth).
  5180 | D:5      | 5180 ||| Stepping ~*~*~tactically~*~*~ (hiding).
  5233 | D:5      | 5233 ||| Stepping ~*~*~tactically~*~*~ (hiding).
  5246 | D:5      | Reached skill level 1 in Invocations
  5296 | D:5      | 5296 ||| UPGRADING to +0 chain mail.
  5306 | D:5      | 5306 ||| DROPPING +0 scale mail.
  5307 | D:5      | 5307 ||| UPGRADING to +10 tower shield of Ignorance {rN+
                  | Int-4}.
  5317 | D:5      | 5317 ||| DROPPING +0 kite shield.
  5318 | D:5      | 5318 ||| UPGRADING to +2 helmet.
  5328 | D:5      | 5328 ||| DROPPING +0 helmet.
  5329 | D:5      | 5329 ||| UPGRADING to +2 fire dragon scales.
  5339 | D:5      | 5339 ||| READING scroll labelled KELORO BU WYOF.
  5340 | D:5      | 5340 ||| READING scroll labelled UCUNIA XOATI.
  5341 | D:5      | 5341 ||| READING scroll labelled JOANAF QYLUK LITI.
  5342 | D:5      | 5342 ||| READING scroll labelled MEPHU CEBLIUSCH.
  5343 | D:5      | 5343 ||| READING 5 scrolls of identify.
  5343 | D:5      | 5343 ||| IDENTIFYING yellow potion
  5344 | D:5      | 5344 ||| DROPPING potion of invisibility.
  5390 | D:6      | Reached skill level 7 in Shields
  5390 | D:6      | Reached XP level 9. HP: 56/56 MP: 10/10
  5446 | D:6      | 5446 ||| Stepping ~*~*~tactically~*~*~ (stealth).
  5448 | D:6      | 5448 ||| Stepping ~*~*~tactically~*~*~ (hiding).
  5451 | D:6      | 5451 ||| INVOKING Heroism.
  5476 | D:6      | Reached skill level 3 in Invocations
  5704 | D:6      | 5704 ||| Stepping ~*~*~tactically~*~*~ (stealth).
  5705 | D:6      | 5705 ||| Stepping ~*~*~tactically~*~*~ (stealth).
  5710 | D:6      | 5710 ||| INVOKING Heroism.
  5724 | D:6      | Reached skill level 8 in Shields
  5798 | D:6      | Found Foyt's Antique Armour Emporium.
  5950 | D:6      | 5950 ||| Stepping ~*~*~tactically~*~*~ (stealth).
  6098 | D:6      | 6098 ||| UPGRADING to +6 ring of strength.
  6100 | D:6      | 6100 ||| UPGRADING to +4 ring of protection.
  6102 | D:6      | 6102 ||| DROPPING ring of willpower.
  6103 | D:6      | 6103 ||| READING 4 scrolls of identify.
  6103 | D:6      | 6103 ||| IDENTIFYING coppery potion
  6109 | D:7      | 6109 ||| PLANNING OSSUARY
  6172 | D:7      | Found a sand-covered staircase.
  6185 | Ossuary  | Entered an ossuary
  6225 | Ossuary  | Reached skill level 9 in Shields
  6342 | Ossuary  | Reached ** piety under Okawaru
  6343 | Ossuary  | Reached skill level 10 in Shields
  6408 | Ossuary  | 6408 ||| READING scroll labelled ECLOPR NIODD.
  6409 | Ossuary  | 6409 ||| READING scroll labelled UFOHUL TEIKHLEE.
  6410 | Ossuary  | 6410 ||| DRINKING 2 bubbling orange potions.
  6423 | D:7      | 6423 ||| PLANNING D:1-11
  6480 | D:7      | 6480 ||| Stepping ~*~*~tactically~*~*~ (hiding).
  6483 | D:7      | 6483 ||| Stepping ~*~*~tactically~*~*~ (hiding).
  6491 | D:7      | 6491 ||| Stepping ~*~*~tactically~*~*~ (hiding).
  6515 | D:7      | 6515 ||| DRINKING 5 potions of curing.
  6515 | D:7      | 6515 ||| (to cure confusion)
  6555 | D:7      | Found an ancient bone altar of Kikubaaqudgha.
  6555 | D:7      | Found a blossoming altar of Fedhas.
  6619 | D:7      | 6619 ||| INVOKING Heroism.
  6837 | D:7      | Found a radiant altar of Vehumet.
  6837 | D:7      | Found a glowing silver altar of Zin.
  6839 | D:7      | Found a sacrificial altar of Ru.
  6839 | D:7      | Found a sparkling altar of Nemelex Xobeh.
  6982 | D:8      | 6982 ||| Stepping ~*~*~tactically~*~*~ (hiding).
  7008 | D:8      | 7008 ||| Stepping ~*~*~tactically~*~*~ (stealth).
  7012 | D:8      | 7012 ||| Stepping ~*~*~tactically~*~*~ (stealth).
  7013 | D:8      | 7013 ||| Stepping ~*~*~tactically~*~*~ (stealth).
  7015 | D:8      | 7015 ||| Stepping ~*~*~tactically~*~*~ (stealth).
  7020 | D:8      | Reached XP level 10. HP: 61/61 MP: 13/13
  7117 | D:8      | 7117 ||| Stepping ~*~*~tactically~*~*~ (stealth).
  7238 | D:8      | Found a staircase to the Lair.
  7333 | D:8      | 7333 ||| Stepping ~*~*~tactically~*~*~ (stealth).
  7340 | D:8      | Reached skill level 11 in Shields
  7564 | D:8      | 7564 ||| PLANNING LAIR
  7564 | D:8      | 7564 ||| DROPPING ring of magical power.
  7565 | D:8      | 7565 ||| DRINKING 2 pink potions.
  7566 | D:8      | 7566 ||| DROPPING potion of degeneration.
  7608 | Lair:1   | Entered Level 1 of the Lair of Beasts
  7622 | Lair:1   | Noticed a black mamba
  7623 | Lair:1   | 7623 ||| INVOKING Heroism.
  7631 | Lair:1   | Killed a black mamba
  7761 | Lair:1   | Reached *** piety under Okawaru
  7831 | Lair:1   | 7831 ||| Stepping ~*~*~tactically~*~*~ (stealth).
  7841 | Lair:1   | Reached skill level 9 in Axes
  7844 | Lair:1   | 7844 ||| INVOKING Heroism.
  7904 | Lair:1   | Reached skill level 12 in Shields
  7977 | Lair:1   | 7977 ||| INVOKING Heroism.
  8020 | Lair:1   | 8020 ||| INVOKING Heroism.
  8037 | Lair:1   | Reached XP level 11. HP: 61/67 MP: 14/14
  8041 | Lair:1   | Reached **** piety under Okawaru
  8051 | Lair:1   | 8051 ||| INVOKING Heroism.
  8099 | Lair:1   | 8099 ||| INVOKING Heroism.
  8267 | Lair:1   | 8267 ||| Stepping ~*~*~tactically~*~*~ (hiding).
  8494 | Lair:1   | 8494 ||| UPGRADING to scarf of repulsion.
  8504 | Lair:1   | 8504 ||| UPGRADING to +0 plate armour.
  8514 | Lair:1   | 8514 ||| DROPPING +0 chain mail.
  8595 | Lair:2   | Noticed Amaemon
  8596 | Lair:2   | 8596 ||| Stepping ~*~*~tactically~*~*~ (hiding).
  8598 | Lair:2   | 8598 ||| Stepping ~*~*~tactically~*~*~ (hiding).
  8603 | Lair:2   | 8603 ||| INVOKING Heroism.
  8619 | Lair:2   | 8619 ||| INVOKING Heroism.
  8623 | Lair:2   | Killed Amaemon
  9056 | Lair:2   | Reached skill level 6 in Armour
  9061 | Lair:2   | 9061 ||| INVOKING Heroism.
  9148 | Lair:2   | Found a staircase to the Shoals.
  9196 | Lair:2   | Noticed Urug
  9197 | Lair:2   | 9197 ||| Stepping ~*~*~tactically~*~*~ (hiding).
  9198 | Lair:2   | 9198 ||| Stepping ~*~*~tactically~*~*~ (hiding).
  9203 | Lair:2   | 9203 ||| Stepping ~*~*~tactically~*~*~ (hiding).
  9206 | Lair:2   | 9206 ||| INVOKING Heroism.
  9228 | Lair:2   | 9228 ||| INVOKING Heroism.
  9229 | Lair:2   | Killed Urug
  9337 | Lair:2   | Found a hole to the Spider Nest.
  9341 | Lair:2   | Noticed a wolf spider
  9342 | Lair:2   | 9342 ||| INVOKING Heroism.
  9346 | Lair:2   | Reached skill level 1 in Throwing
  9356 | Lair:2   | Killed a wolf spider
  9449 | Lair:2   | 9449 ||| DROPPING ring of positive energy.
  9450 | Lair:2   | 9450 ||| READING scroll labelled KANITU NENYATT.
  9451 | Lair:2   | 9451 ||| READING 8 scrolls of identify.
  9451 | Lair:2   | 9451 ||| IDENTIFYING red potion
  9452 | Lair:2   | 9452 ||| READING 7 scrolls of identify.
  9452 | Lair:2   | 9452 ||| IDENTIFYING glowing white potion
  9453 | Lair:2   | 9453 ||| DROPPING potion of brilliance.
  9454 | Lair:2   | 9454 ||| DROPPING potion of ambrosia.
  9487 | Lair:3   | 9487 ||| INVOKING Heroism.
  9494 | Lair:3   | Noticed a boulder beetle
  9502 | Lair:3   | Reached skill level 13 in Shields
  9507 | Lair:3   | Reached skill level 6 in Invocations
  9511 | Lair:3   | 9511 ||| STAIRDANCE
  9513 | Lair:2   | 9513 ||| INVOKING Heroism.
  9579 | Lair:3   | 9579 ||| INVOKING Heroism.
  9600 | Lair:3   | 9600 ||| STAIRDANCE
  9602 | Lair:2   | 9602 ||| INVOKING Heroism.
  9610 | Lair:2   | Killed a boulder beetle
  9611 | Lair:2   | Reached XP level 12. HP: 61/73 MP: 14/17
  9692 | Lair:3   | 9692 ||| Stepping ~*~*~tactically~*~*~ (hiding).
  9695 | Lair:3   | 9695 ||| Stepping ~*~*~tactically~*~*~ (hiding).
  9697 | Lair:3   | 9697 ||| INVOKING Heroism.
  9727 | Lair:3   | 9727 ||| Stepping ~*~*~tactically~*~*~ (stealth).
  9728 | Lair:3   | 9728 ||| Stepping ~*~*~tactically~*~*~ (stealth).
  9729 | Lair:3   | 9729 ||| Stepping ~*~*~tactically~*~*~ (stealth).
  9741 | Lair:3   | 9741 ||| Stepping ~*~*~tactically~*~*~ (stealth).
  9745 | Lair:3   | 9745 ||| Stepping ~*~*~tactically~*~*~ (stealth).
  9746 | Lair:3   | 9746 ||| INVOKING Heroism.
  9765 | Lair:3   | 9765 ||| Stepping ~*~*~tactically~*~*~ (stealth).
  9767 | Lair:3   | 9767 ||| Stepping ~*~*~tactically~*~*~ (stealth).
  9768 | Lair:3   | 9768 ||| Stepping ~*~*~tactically~*~*~ (stealth).
  9769 | Lair:3   | 9769 ||| Stepping ~*~*~tactically~*~*~ (stealth).
  9772 | Lair:3   | 9772 ||| Stepping ~*~*~tactically~*~*~ (stealth).
  9780 | Lair:3   | 9780 ||| Stepping ~*~*~tactically~*~*~ (stealth).
  9782 | Lair:3   | 9782 ||| Stepping ~*~*~tactically~*~*~ (stealth).
  9786 | Lair:3   | 9786 ||| Stepping ~*~*~tactically~*~*~ (stealth).
  9790 | Lair:3   | 9790 ||| INVOKING Heroism.
  9855 | Lair:3   | 9855 ||| Stepping ~*~*~tactically~*~*~ (stealth).
  9858 | Lair:3   | 9858 ||| Stepping ~*~*~tactically~*~*~ (stealth).
  9864 | Lair:3   | 9864 ||| Stepping ~*~*~tactically~*~*~ (stealth).
  9866 | Lair:3   | 9866 ||| INVOKING Heroism.
  9884 | Lair:3   | Reached skill level 3 in Throwing
  9985 | Lair:3   | Noticed a catoblepas
  9986 | Lair:3   | 9986 ||| INVOKING Heroism.
  9992 | Lair:3   | Received a gift from Okawaru
 10004 | Lair:3   | Killed a catoblepas
 10064 | Lair:3   | Noticed an eight-headed hydra
 10073 | Lair:3   | 10073 ||| INVOKING Heroism.
 10073 | Lair:3   | Noticed a six-headed hydra
 10074 | Lair:3   | 10074 ||| Stepping ~*~*~tactically~*~*~ (stealth).
 10078 | Lair:3   | 10078 ||| SWAPPING to -1 demon whip of venom.
 10085 | Lair:3   | Killed an eight-headed hydra
 10086 | Lair:3   | 10086 ||| SWAPPING to +1 war axe.
 10163 | Lair:3   | Reached skill level 9 in Invocations
 10249 | Lair:3   | 10249 ||| INVOKING Heroism.
 10252 | Lair:3   | 10252 ||| SWAPPING to -1 demon whip of venom.
 10257 | Lair:3   | Killed a six-headed hydra
 10258 | Lair:3   | 10258 ||| SWAPPING to +1 war axe.
 10401 | Lair:3   | 10401 ||| INVOKING Heroism.
 10417 | Lair:3   | Reached ***** piety under Okawaru
 10441 | Lair:3   | 10441 ||| Stepping ~*~*~tactically~*~*~ (stealth).
 10445 | Lair:3   | 10445 ||| Stepping ~*~*~tactically~*~*~ (stealth).
 10447 | Lair:3   | 10447 ||| Stepping ~*~*~tactically~*~*~ (stealth).
 10449 | Lair:3   | 10449 ||| Stepping ~*~*~tactically~*~*~ (stealth).
 10465 | Lair:3   | Received a gift from Okawaru
 10675 | Lair:3   | 10675 ||| Stepping ~*~*~tactically~*~*~ (hiding).
 10980 | Lair:4   | 10980 ||| STAIRDANCE
 10983 | Lair:3   | 10983 ||| INVOKING Heroism.
 10987 | Lair:3   | HP: 11/73 [cane toad (13)]
 10988 | Lair:3   | 10988 ||| READING 5 scrolls of teleportation.
 10989 | Lair:3   | 10989 ||| DRINKING potion of heal wounds.
 11207 | Lair:4   | 11207 ||| SWAPPING to +0 broad axe.
 11211 | Lair:4   | 11211 ||| DROPPING +1 war axe.
 11214 | Lair:4   | 11214 ||| INVOKING Heroism.
 11217 | Lair:4   | 11217 ||| Stepping ~*~*~tactically~*~*~ (stealth).
 11277 | Lair:4   | 11277 ||| Stepping ~*~*~tactically~*~*~ (stealth).
 11287 | Lair:4   | 11287 ||| INVOKING Heroism.
 11330 | Lair:4   | 11330 ||| Stepping ~*~*~tactically~*~*~ (stealth).
 11336 | Lair:4   | Reached XP level 13. HP: 78/78 MP: 20/20
 11531 | Lair:4   | 11531 ||| INVOKING Heroism.
 11532 | Lair:4   | 11532 ||| INVOKING Finesse.
 11537 | Lair:4   | 11537 ||| SWAPPING to -1 demon whip of venom.
 11553 | Lair:4   | Reached skill level 9 in Fighting
 11553 | Lair:4   | 11553 ||| SWAPPING to +0 broad axe.
 11733 | Lair:4   | 11733 ||| INVOKING Heroism.
 11772 | Lair:4   | 11772 ||| INVOKING Heroism.
 11793 | Lair:4   | 11793 ||| Stepping ~*~*~tactically~*~*~ (stealth).
 11812 | Lair:4   | Reached skill level 14 in Shields
 12153 | Lair:4   | 12153 ||| INVOKING Heroism.
 12252 | Lair:4   | 12252 ||| UPGRADING to +0 pair of boots.
 12283 | Lair:5   | Entered Level 5 of the Lair of Beasts
 12312 | Lair:5   | 12312 ||| INVOKING Heroism.
 12317 | Lair:5   | 12317 ||| SWAPPING to -1 demon whip of venom.
 12326 | Lair:5   | 12326 ||| SWAPPING to +0 broad axe.
 12423 | Lair:5   | 12423 ||| Stepping ~*~*~tactically~*~*~ (stealth).
 12599 | Lair:5   | 12599 ||| INVOKING Heroism.
 12708 | Lair:5   | 12708 ||| INVOKING Heroism.
 12814 | Lair:5   | 12814 ||| INVOKING Heroism.
 12873 | Lair:5   | 12873 ||| Stepping ~*~*~tactically~*~*~ (stealth).
 12875 | Lair:5   | 12875 ||| Stepping ~*~*~tactically~*~*~ (stealth).
 12894 | Lair:5   | Reached skill level 12 in Axes
 13014 | Lair:5   | 13014 ||| Stepping ~*~*~tactically~*~*~ (hiding).
 13291 | Lair:5   | 13291 ||| INVOKING Heroism.
 13371 | Lair:5   | Found a viscous altar of Jiyva.
 13371 | Lair:5   | Found a staircase to the Slime Pits.
 13524 | Lair:5   | 13524 ||| Stepping ~*~*~tactically~*~*~ (stealth).
 13525 | Lair:5   | 13525 ||| INVOKING Heroism.
 13535 | Lair:5   | Received a gift from Okawaru
 13565 | Lair:5   | 13565 ||| INVOKING Finesse.
 13586 | Lair:5   | 13586 ||| INVOKING Heroism.
 13598 | Lair:5   | Gained mutation: Your large and strong wings let you fly.
                  | [Gargoyle growth]
 13598 | Lair:5   | Reached XP level 14. HP: 57/88 MP: 15/21
 13621 | Lair:5   | 13621 ||| INVOKING Finesse.
 13779 | Lair:5   | 13779 ||| Stepping ~*~*~tactically~*~*~ (stealth).
 13797 | Lair:5   | Identified the +3 ring mail "Fudghuygh" {Harm rPois Will++
                  | Int-5}
 13953 | Lair:5   | 13953 ||| PLANNING D:1-11
 13953 | Lair:5   | 13953 ||| READING 2 scrolls labelled HAUTYER UCRU.
 14002 | Lair:5   | 14002 ||| DROPPING scroll of torment.
 14096 | Lair:3   | 14096 ||| STAIRDANCE
 14100 | Lair:2   | Received a gift from Okawaru
 14121 | Lair:2   | 14121 ||| DROPPING +4 war axe of electrocution.
 14254 | D:9      | 14254 ||| Stepping ~*~*~tactically~*~*~ (stealth).
 14261 | D:9      | Reached skill level 15 in Shields
 14342 | D:9      | 14342 ||| Stepping ~*~*~tactically~*~*~ (hiding).
 14381 | D:9      | 14381 ||| DROPPING +0 flail.
 14417 | D:9      | 14417 ||| Stepping ~*~*~tactically~*~*~ (hiding).
 14594 | D:9      | 14594 ||| READING scroll of enchant weapon.
 14594 | D:9      | 14594 ||| ENCHANTING +0 broad axe.
 14649 | D:9      | 14649 ||| Stepping ~*~*~tactically~*~*~ (hiding).
 14655 | D:9      | 14655 ||| FLEEEEING.
 14656 | D:9      | 14656 ||| FLEEEEING.
 14658 | D:9      | 14658 ||| FLEEEEING.
 14923 | D:9      | Found an ornate altar of the Wu Jian Council.
 15028 | D:9      | 15028 ||| DROPPING +1 hat of willpower.
 15029 | D:9      | 15029 ||| READING scroll labelled BEJIXKE TENEDU.
 15064 | D:10     | Entered Level 10 of the Dungeon
 15088 | D:10     | 15088 ||| Stepping ~*~*~tactically~*~*~ (hiding).
 15248 | D:10     | Found Samy's Antique Armour Emporium.
 15258 | D:10     | 15258 ||| BUYING pair of faintly glowing gloves (294 gold).
 15258 | D:10     | Bought a pair of faintly glowing gloves for 294 gold pieces
 15258 | D:10     | Identified the +2 pair of gloves of Optimism {rF+} (You
                  | bought it in a shop on level 10 of the Dungeon)
 15258 | D:10     | 15258 ||| BUYING runed chain mail (232 gold).
 15258 | D:10     | Bought a runed chain mail for 232 gold pieces
 15258 | D:10     | 15258 ||| BUYING shimmering chain mail (294 gold).
 15258 | D:10     | Bought a shimmering chain mail for 294 gold pieces
 15258 | D:10     | Identified the +3 chain mail of the Kissing Gods {rF- rC+
                  | Str+3 Int+4 Dex+3} (You bought it in a shop on level 10 of
                  | the Dungeon)
 15386 | D:10     | 15386 ||| Stepping ~*~*~tactically~*~*~ (hiding).
 15391 | D:10     | 15391 ||| Stepping ~*~*~tactically~*~*~ (stealth).
 15413 | D:10     | Reached skill level 9 in Armour
 15415 | D:10     | 15415 ||| FLEEEEING.
 15497 | D:10     | 15497 ||| Stepping ~*~*~tactically~*~*~ (stealth).
 15517 | D:10     | 15517 ||| Stepping ~*~*~tactically~*~*~ (stealth).
 15610 | D:10     | 15610 ||| DROPPING +0 hand axe.
 15633 | D:10     | 15633 ||| Stepping ~*~*~tactically~*~*~ (hiding).
 15777 | D:10     | 15777 ||| Stepping ~*~*~tactically~*~*~ (hiding).
 15778 | D:10     | 15778 ||| Stepping ~*~*~tactically~*~*~ (hiding).
 15787 | D:10     | 15787 ||| Stepping ~*~*~tactically~*~*~ (stealth).
 15813 | D:10     | 15813 ||| Stepping ~*~*~tactically~*~*~ (hiding).
 15901 | D:10     | Found a staircase to the Orcish Mines.
 15902 | D:10     | Noticed Erica
 15903 | D:10     | 15903 ||| INVOKING Heroism.
 15904 | D:10     | 15904 ||| INVOKING Finesse.
 15910 | D:10     | Killed Erica
 16040 | D:10     | Noticed Maurice
 16045 | D:10     | Killed Maurice
 16046 | D:10     | 16046 ||| Stepping ~*~*~tactically~*~*~ (hiding).
 16047 | D:10     | 16047 ||| FLEEEEING.
 16048 | D:10     | 16048 ||| FLEEEEING.
 16049 | D:10     | 16049 ||| FLEEEEING.
 16050 | D:10     | 16050 ||| FLEEEEING.
 16078 | D:10     | 16078 ||| Stepping ~*~*~tactically~*~*~ (hiding).
 16081 | D:10     | 16081 ||| Stepping ~*~*~tactically~*~*~ (hiding).
 16143 | D:10     | Found a runed translucent gate.
 16144 | D:10     | Noticed GreydMiyu's ghost (journeyman HuFE)
 16144 | D:10     | Found a runed translucent gate.
 16144 | D:10     | Noticed Joseph
 16145 | D:10     | Found a runed translucent gate.
 16158 | D:10     | Killed Joseph
 16243 | D:10     | Found a portal to a secret trove of treasure.
 16340 | D:10     | 16340 ||| READING scroll of enchant armour.
 16340 | D:10     | 16340 ||| ENCHANTING +0 pair of boots.
 16527 | D:10     | 16527 ||| UPGRADING to +2 pair of gloves of Optimism {rF+}.
 16532 | D:10     | 16532 ||| DROPPING +3 chain mail.
 16533 | D:10     | 16533 ||| UPGRADING to +3 chain mail of the Kissing Gods
                  | {rF- rC+ Str+3 Int+4 Dex+3}.
 16625 | D:11     | 16625 ||| Stepping ~*~*~tactically~*~*~ (stealth).
 16672 | D:11     | 16672 ||| Stepping ~*~*~tactically~*~*~ (stealth).
 16794 | D:11     | 16794 ||| READING scroll of enchant weapon.
 16794 | D:11     | 16794 ||| ENCHANTING +1 broad axe of draining.
 16957 | D:11     | 16957 ||| Stepping ~*~*~tactically~*~*~ (hiding).
 17123 | D:11     | 17123 ||| Stepping ~*~*~tactically~*~*~ (stealth).
 17137 | D:11     | Reached skill level 3 in Dodging
 17186 | D:11     | 17186 ||| PLANNING D
 17192 | D:11     | 17192 ||| Stepping ~*~*~tactically~*~*~ (stealth).
 17246 | D:12     | Found a frozen archway.
 17247 | D:12     | 17247 ||| Stepping ~*~*~tactically~*~*~ (hiding).
 17249 | D:12     | 17249 ||| Stepping ~*~*~tactically~*~*~ (hiding).
 17250 | D:12     | 17250 ||| Stepping ~*~*~tactically~*~*~ (hiding).
 17251 | D:12     | 17251 ||| Stepping ~*~*~tactically~*~*~ (stealth).
 17271 | D:12     | 17271 ||| Stepping ~*~*~tactically~*~*~ (hiding).
 17272 | D:12     | 17272 ||| Stepping ~*~*~tactically~*~*~ (hiding).
 17273 | D:12     | 17273 ||| Stepping ~*~*~tactically~*~*~ (hiding).
 17274 | D:12     | 17274 ||| Stepping ~*~*~tactically~*~*~ (hiding).
 17289 | D:12     | 17289 ||| Stepping ~*~*~tactically~*~*~ (hiding).
 17290 | D:12     | 17290 ||| Stepping ~*~*~tactically~*~*~ (hiding).
 17427 | D:12     | Identified a scroll of acquirement
 17428 | D:12     | 17428 ||| Stepping ~*~*~tactically~*~*~ (hiding).
 17429 | D:12     | 17429 ||| Stepping ~*~*~tactically~*~*~ (hiding).
 17522 | D:12     | 17522 ||| READING scroll of acquirement.
 17522 | D:12     | 17522 ||| ACQUIRING amulet of Balance {Acrobat rPois}
 17522 | D:12     | Acquired the amulet of Balance {Acrobat rPois}
 17524 | D:12     | 17524 ||| UPGRADING to amulet of Balance {Acrobat rPois}.
 17539 | D:12     | Found Ceatze's Magic Scroll Shop.
 17551 | D:12     | 17551 ||| INVOKING Heroism.
 17552 | D:12     | 17552 ||| INVOKING Finesse.
 17639 | D:12     | 17639 ||| INVOKING Heroism.
 17845 | D:12     | 17845 ||| INVOKING Heroism.
 17846 | D:12     | 17846 ||| INVOKING Finesse.
 18039 | D:12     | 18039 ||| Stepping ~*~*~tactically~*~*~ (stealth).
 18097 | D:12     | 18097 ||| DROPPING scarf of invisibility.
 18151 | D:13     | 18151 ||| INVOKING Heroism.
 18368 | D:13     | 18368 ||| Stepping ~*~*~tactically~*~*~ (hiding).
 18483 | D:13     | 18483 ||| INVOKING Heroism.
 18492 | D:13     | Reached XP level 15. HP: 49/94 MP: 20/22
 18640 | D:13     | 18640 ||| Stepping ~*~*~tactically~*~*~ (hiding).
 18641 | D:13     | 18641 ||| Stepping ~*~*~tactically~*~*~ (hiding).
 18664 | D:13     | Identified the +4 trident of Jiss {antimagic, Contam Str+7
                  | Dex+4 SInv} (Okawaru gifted it to you on level 13 of the
                  | Dungeon)
 18664 | D:13     | Received a gift from Okawaru
 18698 | D:13     | Reached skill level 16 in Shields
 18712 | D:13     | 18712 ||| FLEEEEING.
 18713 | D:13     | 18713 ||| FLEEEEING.
 18714 | D:13     | 18714 ||| FLEEEEING.
 18715 | D:13     | 18715 ||| FLEEEEING.
 18716 | D:13     | 18716 ||| FLEEEEING.
 18717 | D:13     | 18717 ||| FLEEEEING.
 18718 | D:13     | 18718 ||| FLEEEEING.
 18719 | D:13     | 18719 ||| FLEEEEING.
 18720 | D:13     | 18720 ||| FLEEEEING.
 18721 | D:13     | 18721 ||| FLEEEEING.
 18722 | D:13     | 18722 ||| FLEEEEING.
 18723 | D:13     | 18723 ||| FLEEEEING.
 18724 | D:13     | 18724 ||| FLEEEEING.
 18725 | D:13     | 18725 ||| FLEEEEING.
 18726 | D:13     | 18726 ||| FLEEEEING.
 18727 | D:13     | 18727 ||| FLEEEEING.
 18728 | D:13     | 18728 ||| FLEEEEING.
 18729 | D:13     | 18729 ||| FLEEEEING.
 18730 | D:13     | 18730 ||| STAIRDANCE
 18775 | D:13     | 18775 ||| Stepping ~*~*~tactically~*~*~ (hiding).
 18865 | D:13     | 18865 ||| Stepping ~*~*~tactically~*~*~ (hiding).
 18878 | D:13     | 18878 ||| FLEEEEING.
 18879 | D:13     | 18879 ||| FLEEEEING.
 18880 | D:13     | 18880 ||| FLEEEEING.
 18881 | D:13     | 18881 ||| FLEEEEING.
 18882 | D:13     | 18882 ||| FLEEEEING.
 18883 | D:13     | 18883 ||| FLEEEEING.
 18884 | D:13     | 18884 ||| FLEEEEING.
 18885 | D:13     | 18885 ||| FLEEEEING.
 18886 | D:13     | 18886 ||| FLEEEEING.
 18887 | D:13     | 18887 ||| FLEEEEING.
 18888 | D:13     | 18888 ||| FLEEEEING.
 18889 | D:13     | 18889 ||| FLEEEEING.
 18890 | D:13     | 18890 ||| FLEEEEING.
 18891 | D:13     | 18891 ||| FLEEEEING.
 18892 | D:13     | 18892 ||| FLEEEEING.
 18907 | D:13     | 18907 ||| DRINKING 8 potions of curing.
 18907 | D:13     | 18907 ||| (to cure confusion)
 19037 | D:13     | 19037 ||| Stepping ~*~*~tactically~*~*~ (hiding).
 19039 | D:13     | 19039 ||| Stepping ~*~*~tactically~*~*~ (hiding).
 19043 | D:13     | 19043 ||| INVOKING Heroism.
 19084 | D:13     | 19084 ||| Stepping ~*~*~tactically~*~*~ (stealth).
 19110 | D:13     | 19110 ||| INVOKING Heroism.
 19119 | D:13     | 19119 ||| Stepping ~*~*~tactically~*~*~ (stealth).
 19124 | D:13     | Paralysed by something for 3 turns
 19145 | D:13     | 19145 ||| FLEEEEING.
 19146 | D:13     | 19146 ||| FLEEEEING.
 19147 | D:13     | 19147 ||| FLEEEEING.
 19152 | D:13     | 19152 ||| FLEEEEING.
 19153 | D:13     | 19153 ||| FLEEEEING.
 19154 | D:13     | 19154 ||| FLEEEEING.
 19155 | D:13     | 19155 ||| FLEEEEING.
 19160 | D:13     | 19160 ||| FLEEEEING.
 19381 | D:13     | 19381 ||| Stepping ~*~*~tactically~*~*~ (stealth).
 19390 | D:13     | Found an ancient bone altar of Kikubaaqudgha.
 19412 | D:13     | Identified the staff of the Hierophant {rN+ SInv Necro}
 19460 | D:14     | 19460 ||| Stepping ~*~*~tactically~*~*~ (hiding).
 19461 | D:14     | 19461 ||| INVOKING Heroism.
 19462 | D:14     | 19462 ||| SWAPPING to -1 demon whip of venom.
 19463 | D:14     | 19463 ||| INVOKING Finesse.
 19471 | D:14     | 19471 ||| SWAPPING to +2 broad axe of draining.
 19576 | D:14     | Identified the +5 chain mail of Pufeg {Slay+3}
 19710 | D:14     | Found a gate to the Vaults.
 19748 | D:14     | Reached skill level 15 in Axes
 19822 | D:14     | 19822 ||| Stepping ~*~*~tactically~*~*~ (stealth).
 19823 | D:14     | Noticed Josephine
 19824 | D:14     | 19824 ||| Stepping ~*~*~tactically~*~*~ (hiding).
 19849 | D:14     | Killed Josephine
 20116 | D:14     | 20116 ||| Stepping ~*~*~tactically~*~*~ (hiding).
 20119 | D:14     | 20119 ||| INVOKING Heroism.
 20145 | D:14     | 20145 ||| Stepping ~*~*~tactically~*~*~ (stealth).
 20188 | D:14     | 20188 ||| Stepping ~*~*~tactically~*~*~ (stealth).
 20189 | D:14     | 20189 ||| Stepping ~*~*~tactically~*~*~ (stealth).
 20472 | D:14     | 20472 ||| Stepping ~*~*~tactically~*~*~ (hiding).
 20508 | D:14     | Identified the ring of the Ornamental God {Wiz rC+}
 20566 | D:14     | 20566 ||| DROPPING +0 plate armour.
 20567 | D:14     | 20567 ||| UPGRADING to +5 chain mail of Pufeg {Slay+3}.
 20577 | D:14     | 20577 ||| DROPPING +2 scale mail of cold resistance.
 20629 | D:15     | Entered Level 15 of the Dungeon
 20645 | D:15     | 20645 ||| READING scroll of enchant weapon.
 20645 | D:15     | 20645 ||| ENCHANTING +2 broad axe of draining.
 20671 | D:15     | 20671 ||| INVOKING Heroism.
 20798 | D:15     | 20798 ||| Stepping ~*~*~tactically~*~*~ (hiding).
 20799 | D:15     | 20799 ||| Stepping ~*~*~tactically~*~*~ (hiding).
 20809 | D:15     | Reached skill level 12 in Fighting
 20835 | D:15     | 20835 ||| Stepping ~*~*~tactically~*~*~ (hiding).
 20845 | D:15     | 20845 ||| INVOKING Heroism.
 20849 | D:15     | 20849 ||| INVOKING Finesse.
 20920 | D:15     | 20920 ||| FLEEEEING.
 21027 | D:15     | 21027 ||| Stepping ~*~*~tactically~*~*~ (stealth).
 21037 | D:15     | 21037 ||| Stepping ~*~*~tactically~*~*~ (stealth).
 21039 | D:15     | 21039 ||| Stepping ~*~*~tactically~*~*~ (hiding).
 21067 | D:15     | 21067 ||| READING scroll of enchant armour.
 21067 | D:15     | 21067 ||| ENCHANTING +1 pair of boots.
 21179 | D:15     | Found a staircase to the Depths.
 21617 | D:15     | 21617 ||| PLANNING ORC
 21654 | D:15     | 21654 ||| Stepping ~*~*~tactically~*~*~ (hiding).
 21656 | D:15     | 21656 ||| Stepping ~*~*~tactically~*~*~ (hiding).
 21825 | Orc:1    | Entered Level 1 of the Orcish Mines
 21972 | Orc:2    | Entered Level 2 of the Orcish Mines
 21975 | Orc:2    | Found Seunib's Antique Armour Boutique.
 21976 | Orc:2    | 21976 ||| INVOKING Heroism.
 21996 | Orc:2    | Noticed an orc warlord
 21997 | Orc:2    | 21997 ||| INVOKING Finesse.
 21999 | Orc:2    | HP: 15/96 [orc priest/divine providence (14)]
 22000 | Orc:2    | 22000 ||| READING 6 scrolls of teleportation.
 22000 | Orc:2    | HP: 1/96 [orc priest/divine providence (15)]
 22000 | Orc:2    | Mangled by an orc warrior

Levels and vault maps discovered:
D:1:      psy_arrival_dodecagon, layout_loops_cross
D:2:      layout_rooms, solitary_fountain, uniq_natasha, uniq_crazy_yiuf_cottage
D:3:      layout_loops_ring, overflow_temple_1_default,
          chequers_serial_rivers_micro_e
D:4:      layout_layer_cave, minmay_temple_entry_hall,
          ebering_ghost_disaster_area, uniq_robin, uniq_pikel
D:5:      layout_loops_ring, minmay_hollow_rounded_squares
D:6:      layout_cave_pools, serial_shops, nicolae_shop_gibbet_a_chance,
          lemuel_flame_loot_1
D:7:      layout_gridville, grunt_temple_overflow_growth_and_decay,
          mainiacjoe_overflow_alcove_3, enter_ossuary_4
D:8:      layout_basic, lair_entry_dummy, chequers_serial_rivers_marsh
D:9:      layout_roguey, lemuel_crystal_altar
D:10:     layout_loops_ring, erik_orc_1, nicolae_trove_entry_isolated,
          biasface_ghost_orc_armoury, serial_shops, nicolae_diamond_shop,
          hangedman_decor_peaks_small, nicolae_zen_rock_garden,
          minmay_starry_boxes, uniq_joseph, uniq_maurice, uniq_erica
D:11:     layout_loops_cross, serial_glass, glass_columns_b, glass_columns_c,
          due_unseen_surprise, unseen_surprise_small, minmay_strange_pillars,
          minmay_strange_pillars
D:12:     layout_basic, portal_ice_cave_entry_imps, serial_shops,
          nicolae_shop_behind_doors
D:13:     lemuel_vampire_tower, layout_rooms
D:14:     layout_basic, david_vaults_1, dk_noncrumbling_2, uniq_josephine
D:15:     hangedman_depths_entry_civil_slaughter, layout_loops_ring
Temple:   minmay_temple_curvy_branch
Lair:1:   layout_chaotic_city, chequers_serial_rivers_small_3,
          serial_bayou_ford_a, grunt_megastairs_2
Lair:2:   layout_loops_ring, shoals_dummy_entry, spider_nest_entry_funnel_web,
          uniq_amaemon, uniq_urug
Lair:3:   layout_roguey, beast_lair_carwin_5, grunt_megastairs_4,
          lemuel_fruit_tree, infiniplex_staircase_pool, serial_bayou_shore_b
Lair:4:   layout_cave_pods, infiniplex_staircase_pool_2, serial_bayou_shore_b,
          lemuel_fruit_fields
Lair:5:   grunt_lair_end_beastmaster, layout_cave_pods, dpeg_slime_entry_corner
Orc:1:    layout_caves
Orc:2:    grunt_orc_gardens, layout_caves, grunt_orc_garden, grunt_orc_garden,
          grunt_orc_garden, grunt_orc_garden

Skill      XL: |  1  2  3  4  5  6  7  8  9 10 11 12 13 14 15 |
---------------+----------------------------------------------+-----
Axes           | 2 3 4 5 7 9 10 11 12 14 15 | 15.6
Shields        | 4 5 7 10 12 13 14 15 16 | 16.4
Fighting       | 6 7 8 10 11 12 | 12.0
Dodging        | 1 2 3 4 |  4.0
Invocations    | 2 4 6 10 | 10.0
Armour         | 4 6 7 8 9 |  9.0
Throwing       | 2 3 4 |  4.2

Action                     |  1- 3 |  4- 6 |  7- 9 | 10-12 | 13-15 || total
---------------------------+-------+-------+-------+-------+-------++-------
  Melee: War axe           |    70 |   143 |   380 |   572 |       ||  1165
         Broad axe         |       |       |       |    25 |  1320 ||  1345
         Demon whip        |       |       |       |    11 |    29 ||    40
  Throw: Boomerang         |    22 |    61 |    47 |    25 |    54 ||   209
         Javelin           |       |       |       |    46 |    27 ||    73
 Invoke: Heroism           |       |       |     5 |    27 |    24 ||    56
         Finesse           |       |       |       |       |     9 ||     9
    Use: Scroll            |     6 |     8 |     8 |     4 |     9 ||    35
         Potion            |       |     2 |     2 |     2 |     1 ||     7
   Stab: Distracted        |       |       |       |       |     1 ||     1
 Armour: Scale mail        |    37 |   100 |    58 |       |       ||   195
         Fire dragon scale |       |       |    68 |    83 |       ||   151
         Plate armour      |       |       |       |   117 |   208 ||   325
         Chain mail        |       |       |       |       |   274 ||   274
  Dodge: Dodged            |    31 |    73 |    86 |   121 |   233 ||   544
         Repelled          |       |       |       |       |     5 ||     5
  Block: Buckler           |    16 |       |       |       |       ||    16
         Kite shield       |     7 |    71 |    56 |       |       ||   134
         Tower shield      |       |       |   277 |   840 |  1702 ||  2819

Table legend:
 A = Non-vault XP
 B = Vault XP
 C = Vault XP percentage of total XP
 D = Non-vault monster count
 E = Vault monster count
 F = Vault count percentage of total count
                 A         B        C        D         E       F
            +---------+---------+-------+---------+---------+-------
      Total |   76022 |   50782 |  40.0 |     431 |     200 |  31.7
            +---------+---------+-------+---------+---------+-------
        D:1 |      40 |       0 |   0.0 |      21 |       0 |   0.0
        D:2 |     108 |      35 |  24.5 |      14 |       1 |   6.7
        D:3 |     145 |       0 |   0.0 |      20 |       0 |   0.0
        D:4 |     182 |     627 |  77.5 |      18 |      13 |  41.9
        D:5 |     642 |     516 |  44.6 |      19 |      11 |  36.7
        D:6 |    1094 |       0 |   0.0 |      26 |       0 |   0.0
        D:7 |     374 |       2 |   0.5 |      14 |       2 |  12.5
        D:8 |    1289 |       0 |   0.0 |      25 |       0 |   0.0
        D:9 |    2354 |       0 |   0.0 |      22 |       0 |   0.0
       D:10 |    1623 |    4547 |  73.7 |      16 |      28 |  63.6
       D:11 |    2547 |       0 |   0.0 |      12 |       0 |   0.0
       D:12 |    6679 |     124 |   1.8 |      23 |      12 |  34.3
       D:13 |    3133 |   16002 |  83.6 |       8 |      45 |  84.9
       D:14 |   10667 |    3385 |  24.1 |      21 |       8 |  27.6
       D:15 |    8201 |    4270 |  34.2 |      22 |       6 |  21.4
     Lair:1 |    3730 |    1503 |  28.7 |      17 |      10 |  37.0
     Lair:2 |    3244 |    4307 |  57.0 |      14 |       8 |  36.4
     Lair:3 |   10411 |    2885 |  21.7 |      32 |      13 |  28.9
     Lair:4 |    8122 |       0 |   0.0 |      31 |       0 |   0.0
     Lair:5 |   10253 |    9703 |  48.6 |      37 |      20 |  35.1
      Orc:1 |     914 |       0 |   0.0 |       9 |       0 |   0.0
      Orc:2 |     270 |    2031 |  88.3 |      10 |       8 |  44.4
    Ossuary |       0 |     845 | 100.0 |       0 |      15 | 100.0
            +---------+---------+-------+---------+---------+-------
